 Dungeon Crawl Stone Soup version 0.30-a0-591-g3c58d2bc28 (webtiles) character file.

Game seed: 16793074818046987767

77 OTABOTABOTAB the Insei (level 4, -4/28 HPs)
             Began as an Octopode Transmuter on Jan 6, 2023.
             Slain by an orc
             ... wielding a +0 hand axe
              (6 damage)
             ... on level 3 of the Dungeon.
             The game lasted 00:03:09 (1401 turns).

OTABOTABOTAB the Insei (Octopode Transmuter)        Turns: 1401, Time: 00:03:10

Health: -4/28      AC:  1    Str:  9    XL:     4   Next: 34%
Magic:  6/7        EV: 13    Int: 17    God:
Gold:   73         SH:  0    Dex: 12    Spells: 1/7 levels left

rFire   . . .      SeeInvis .    a - +3 sling
rCold   . . .      Faith    .    (no shield)
rNeg    . . .      Spirit   .    (helmet currently unavailable)
rPois   .          Reflect  .    (no amulet)
rElec   .          Harm     .    (no ring)
rCorr   .          Rampage  .    (no ring)
Will    .....                    (no ring)
Stlth   ++                       (no ring)
HPRegen 0.24/turn                (no ring)
MPRegen 0.10/turn                (no ring)
                                 (no ring)
                                 (no ring)

@: appendages
A: tentacle spike 3, almost no armour, amphibious, 8 rings, camouflage 1,
gelatinous body 1, (nimble swimmer 1), tentacles
a: End Transformation


You were on level 3 of the Dungeon.
One of your tentacles had grown a beastly spike.
You visited 1 branch of the dungeon, and saw 3 of its levels.

You collected 73 gold pieces.

Inventory:

Hand Weapons
 a - a +3 sling (weapon)
   (You found it on level 1 of the Dungeon)
 b - a +1 dagger of draining
   (You took it off a goblin on level 1 of the Dungeon)
Missiles
 h - 6 poisoned darts
 s - 11 stones
Jewellery
 f - an amulet of faith
   (You found it on level 1 of the Dungeon)
Scrolls
 e - a scroll of amnesia {unknown}
 i - a scroll of poison {unknown}
 j - 2 scrolls of blinking {unknown}
 l - a scroll of identify {unknown}
 m - 2 scrolls of noise {unknown}
 n - a scroll of silence {unknown}
 p - 2 scrolls of fear {unknown}
Potions
 c - a potion of flight {unknown}
 d - 3 potions of berserk rage {unknown}
 g - a potion of haste {unknown}
 k - 3 potions of brilliance {unknown}
 o - a potion of resistance {unknown}
 M - a potion of might
 P - 2 potions of lignification {!q}


   Skills:
 - Level 1.0 Fighting
 - Level 2.0 Dodging
 + Level 3.7 Unarmed Combat
 - Level 2.0 Spellcasting
 + Level 3.0 Transmutations
 + Level 2.4 Poison Magic


You had one spell level left.
You knew the following spells:

 Your Spells              Type           Power      Damage    Failure   Level
a - Beastly Appendage     Tmut           24%        N/A       5%          1
b - Wereblood             Tmut           12%        N/A       9%          2
c - Spider Form           Tmut/Pois      11%        N/A       19%         3

Your spell library contained the following spells:

 Spells                   Type           Power      Damage    Failure   Level
 Ice Form                 Ice/Tmut       6%         N/A       71%         4


Dungeon Overview and Level Annotations

Branches:
Dungeon (3/15)

Altars:

Shops:
D:2 [


Innate Abilities, Weirdness & Mutations

One of your tentacles has grown a beastly spike.
You cannot wear most types of armour.
You are amphibious.
You can wear up to eight rings at the same time.
Your skin changes colour to match your surroundings (Stealth+).
Your rubbery body absorbs attacks. (AC +1, EV +1)
((You are camouflaged when in or above water. (Stealth+)))
You have tentacles for arms and can constrict up to eight enemies at once.


Message History

MP restored: 7
s - 7 stones
Found Wasatazi's Antique Armour Emporium.
There is an entrance to Wasatazi's Antique Armour Emporium here.
Unknown command.
There is a fountain of clear blue water here.
A giant cockroach comes into view.
A giant cockroach is nearby!
A giant cockroach is nearby!
You shoot a sling bullet.
The sling bullet hits the giant cockroach.
You shoot a sling bullet.
The sling bullet hits the giant cockroach.
You kill the giant cockroach!
No target in view!
p - 2 scrolls labelled TASI JAQ URRI (gained 1)
You see here a giant cockroach corpse.
You see here a +0 dagger.
Done exploring.
No target in view!
No target in view!
No target in view!
Done exploring.
Done exploring.
Done exploring.
Unknown command.
Done exploring.
Done exploring.
Done exploring.
Search for what [? for help]? ego Unknown command.
Done exploring.
Done exploring.
Done exploring.
(D) Dungeon
Where to? (Enter - D:2, ? - help)
There is a stone staircase leading down here.
You climb downwards.
Found a stone staircase leading up.
There is a stone staircase leading up here.
You open the door.
There is an open door here.
You now have 73 gold pieces (gained 13).
You open the door.
There is an open door here.
M - a potion of might
s - 11 stones (gained 4)
Found a stone staircase leading down.
m - 2 scrolls labelled CIENUEG TIJUXE (gained 1)
An orc comes into view.
It is wielding a +1 short sword of venom.
You shoot a sling bullet. The sling bullet hits the orc.
The orc shouts!
An orc comes into view. It is wielding a +0 whip.
You shoot a sling bullet. The orc shouts!
The sling bullet hits the orc!
You kill the orc!
An orc comes into view. It is wielding a +0 hand axe.
You shoot a sling bullet.
The sling bullet closely misses the orc.
The orc shouts!
An orc comes into view. It is wielding a +0 morningstar.
You shoot a sling bullet. The orc shouts!
The sling bullet hits the orc.
You shoot a sling bullet. The sling bullet hits the orc.
You kill the orc!
You shoot a sling bullet. The sling bullet barely misses the orc.
The sling bullet closely misses the orc.
You shoot a sling bullet. The sling bullet hits the orc.
The orc hits you with a +0 hand axe.
You take 2 damage, and have 26/28 hp.
You shoot a sling bullet.
The sling bullet closely misses the orc.
The sling bullet hits the orc!
You kill the orc!
The orc hits you with a +0 hand axe. x2
You take 12 damage, and have 14/28 hp.
MASSIVE DAMAGE!!
One of your tentacles grows a vicious spike.
The orc closely misses you.
You now have 6/7 mp.
Unknown command.
You are too injured to fight recklessly!
You are too injured to fight recklessly!
You are too injured to fight recklessly!
You are too injured to fight recklessly!
You shoot a sling bullet. The sling bullet hits the orc.
The orc hits you with a +0 hand axe.
You take 4 damage, and have 10/28 hp.
You shoot a sling bullet.
The sling bullet closely misses the orc.
The orc hits you with a +0 hand axe. The orc hits you with a +0 hand axe!
* * * LOW HITPOINT WARNING * * *
You take 8 damage, and have 2/28 hp.
MASSIVE DAMAGE!!
You shoot a sling bullet.
The sling bullet closely misses the orc.
The orc hits you with a +0 hand axe.
You die...

#......# #.#....#
##.#....### #
#.........# ##
#.........# ##. #.###
#.........# ##..
......###.......[####...
.)..))o@............+...
./.##>###........####...
# #........# ##..
#........# ##.
#......#.# ## #........#
# #####.#### #.# #.# #


You could see an orc.

Vanquished Creatures
  3 adders (D:2)
  A worm (D:2)
  3 orcs (D:3)
  A bat (D:1)
  4 endoplasms
  4 giant cockroaches
  4 goblins
  A hobgoblin (D:1)
  3 jackals (D:1)
  7 kobolds
  5 ball pythons
  3 frilled lizards
  A rat (D:1)
40 creatures vanquished.

Notes
Turn   | Place    | Note
-------+----------+-------------------------------------------
     0 | D:1      | OTABOTABOTAB the Octopode Transmuter began the quest for
                  | the Orb.
     0 | D:1      | Reached XP level 1. HP: 13/13 MP: 3/3
   138 | D:1      | Reached XP level 2. HP: 18/18 MP: 3/5
   140 | D:1      | Reached skill level 1 in Poison Magic
   323 | D:1      | Found a faded altar of an unknown god.
   574 | D:1      | Reached XP level 3. HP: 21/22 MP: 6/6
   668 | D:1      | Learned a level 2 spell: Wereblood
   672 | D:1      | Learned a level 3 spell: Spider Form
   977 | D:2      | Reached skill level 2 in Poison Magic
  1088 | D:2      | Reached XP level 4. HP: 28/28 MP: 7/7
  1095 | D:2      | Reached skill level 3 in Transmutations
  1154 | D:2      | Found Wasatazi's Antique Armour Emporium.
  1400 | D:3      | HP: 2/28 [orc/+0 hand axe (7)]
  1401 | D:3      | Slain by an orc

Illustrated notes

Levels and vault maps discovered:
D:1:      dpeg_arrival_long_road, layout_loops_cross,
          ebering_ecumenical_altar_abandoned
D:2:      layout_rooms, serial_shops, shop_fountains
D:3:      layout_loops_corners, grunt_temple_overflow_order_and_chaos_1,
          uniq_crazy_yiuf_cottage, uniq_grinder

Skill      XL: |  1  2  3  4 |
---------------+-------------+-----
Poison Magic   | 1 2 |  2.4
Transmutations | 3 |  3.0
Fighting       | |  1.0
Dodging        | |  2.0
Unarmed Combat | |  3.7
Spellcasting   | |  2.0

Action                   |  1- 3 |  4- 6 || total
-------------------------+-------+-------++-------
Melee: Unarmed           |    26 |     5 ||    31
       Kick              |    11 |       ||    11
       Constrict         |     6 |       ||     6
       Tentacles         |     8 |       ||     8
       Dagger            |    18 |       ||    18
 Fire: Sling             |    29 |    16 ||    45
Throw: Stone             |     1 |       ||     1
 Cast: Beastly Appendage |     8 |     1 ||     9
       Spider Form       |     1 |     1 ||     2
 Abil: End Transformatio |     8 |     1 ||     9
 Stab: Sleeping          |     1 |       ||     1
Armor: Skin              |     1 |       ||     1
Dodge: Dodged            |    42 |    10 ||    52

Table legend: (Time is in decaauts)
 A = Elapsed time spent in this place.
 B = Non-inter-level travel time spent in this place.
 C = Inter-level travel time spent in this place.
 D = Time resting spent in this place.
 E = Time spent auto-exploring this place.
 F = Levels seen in this place.
 G = Mean time per level.
                   A        B        C        D        E       F      G
               +--------+--------+--------+--------+--------+-----+--------+
         Total |   1415 |   1345 |     70 |     24 |   1068 |   3 |  471.7 |
       Dungeon |   1415 |   1345 |     70 |     24 |   1068 |   3 |  471.7 |
               +--------+--------+--------+--------+--------+-----+--------+

Top non-repeatable levels by time:
     D:1: 834 daAuts
     D:2: 469 daAuts
     D:3: 110 daAuts

Table legend:
 A = Kills in this place as a percentage of kills in entire the game.
 B = Kills by you in this place as a percentage of kills by you in the entire game.
 C = Kills by friends in this place as a percentage of kills by friends in the entire game.
 D = Other kills in this place as a percentage of other kills in the entire game.
 E = Experience gained in this place as a percentage of experience gained in the entire game.
 F = Experience gained in this place divided by the number of levels of this place that you have seen.
                   A       B       C       D       E      F
               +-------+-------+-------+-------+-------+----------------------
         Total | 100.0 | 100.0 |   N/A |   N/A | 100.0 |  37.0
       Dungeon | 100.0 | 100.0 |   N/A |   N/A | 100.0 |  37.0
               +-------+-------+-------+-------+-------+----------------------
